Map: King's Cove LE

Players

DnS - Winner!

  • Race: Protoss Protoss
  • Spawn Location: 5:00

SunSet

  • Race: Zerg Zerg
  • Spawn Location: 11:00

Event: 2019 WCS Summer

VOD

Have the link to the VOD?

Description

Time

  • Played on: July 12, 2019, 6:20 a.m.
  • Length: 7:18

All games in this series

Show
View Real Time Build Order
Export as new Build Order

DnS Protoss - Winner!

Build Orders: 1 Gate Expand, Oracle Opening, Zealot Archon, Archon Drop 

Get SALT Encoding   

  12  0:00  Probe  
  13  0:12  Probe  
  14  0:17  Pylon  
  14  0:24  Probe  
  15  0:32  Probe  
  15  0:38  Gateway  
  15  0:40  Probe  
  16  0:47  Assimilator  
  17  0:51  Probe  
  18  1:03  Probe  
  19  1:15  Probe  
  20  1:26  Nexus  
  20  1:37  Cybernetics Core  
  20  1:39  Probe  
  21  1:47  Assimilator  
  21  1:51  Probe  
  22  1:55  Pylon  
  22  2:03  Probe  
  22  2:04  Adept  
  25  2:15  Probe  
  25  2:21  Stargate  
  26  2:27  Probe  
  27  2:30  Warp Gate  
  27  2:34  Probe  
  27  2:37  Stalker, Probe  
  29  2:42  Probe  
  31  2:45  Probe  
  33  2:52  Probe  
  33  2:55  Probe, Oracle  
  35  3:04  Probe  
  39  3:08  Probe  
  40  3:16  Probe  
  40  3:18  Pylon  
  41  3:20  Probe  
  42  3:28  Probe  
  42  3:29  Oracle  
  42  3:30  Assimilator  
  42  3:31  Assimilator  
  42  3:32  Probe  
  44  3:40  Probe, Gateway  
  48  3:44  Probe  
  49  3:48  Pylon  
  49  3:52  Probe  
  50  3:56  Probe  
  50  3:58  Robotics Facility  
  51  4:05  Probe  
  51  4:07  Twilight Council  
  51  4:08  Probe  
  53  4:15  Pylon  
  54  4:17  Probe  
  54  4:20  Probe  
  55  4:32  Gateway  
  55  4:33  Gateway  
  55  4:34  Warp Prism  
  55  4:36  Gateway  
  55  4:38  Charge  
  55  4:39  Gateway  
  57  4:48  Templar Archives  
  57  4:55  Zealot x2  
  61  5:01  Immortal  
  61  5:05  Pylon  
  61  5:13  Pylon  
  65  5:19  Zealot x2  
  69  5:31  Pylon  
  69  5:36  High Templar x2  
  69  5:37  Zealot x2  
  69  5:40  Archon  
  77  5:43  Immortal  
  77  5:48  Phoenix  
  83  6:05  High Templar  
  83  6:06  Zealot x2, High Templar  
  83  6:10  Archon  
  91  6:15  Pylon  
  91  6:18  Pylon  
  91  6:21  Pylon  
  91  6:30  Immortal  
  91  6:31  Pylon  
  91  6:32  Pylon  
  91  6:34  Pylon  
  95  6:46  Zealot, High Templar x2  
  95  6:47  Zealot x3  
  105  6:53  Archon  
  101  7:13  Zealot x4  
Show
View Real Time Build Order
Export as new Build Order

SunSet Zerg 

Build Orders: Hatch First, Roach Nydus 

Get SALT Encoding   

  12  0:02  Drone  
  13  0:12  Overlord  
  13  0:18  Drone  
  14  0:31  Drone x2  
  14  0:35  Drone  
  17  0:54  Hatchery  
  16  0:57  Drone  
  16  1:00  Drone  
  18  1:11  Extractor  
  18  1:16  Spawning Pool  
  16  1:18  Drone  
  16  1:22  Drone  
  18  1:28  Drone  
  19  1:39  Drone  
  20  1:50  Overlord  
  20  2:06  Zergling x2  
  20  2:07  Queen x2  
  25  2:11  Drone  
  25  2:14  Metabolic Boost  
  26  2:15  Drone  
  26  2:19  Drone  
  28  2:23  Drone  
  28  2:28  Drone  
  30  2:43  Drone, Hatchery  
  30  2:48  Drone x2  
  30  2:50  Drone  
  33  2:55  Drone  
  34  3:00  Queen  
  34  3:05  Overlord  
  36  3:16  Overlord  
  36  3:24  Drone  
  36  3:25  Drone x5  
  42  3:30  Spore Crawler  
  42  3:31  Extractor  
  42  3:33  Drone  
  42  3:34  Spore Crawler  
  40  3:36  Drone  
  41  3:44  Queen  
  41  3:47  Lair  
  43  3:54  Drone, Roach Warren  
  43  3:57  Drone  
  43  4:01  Drone  
  43  4:02  Drone x2  
  47  4:03  Drone  
  47  4:05  Drone  
  47  4:07  Drone  
  47  4:09  Drone  
  51  4:11  Extractor  
  51  4:12  Extractor  
  51  4:13  Drone  
  51  4:16  Drone  
  51  4:17  Drone  
  51  4:18  Drone  
  51  4:27  Drone x2  
  53  4:32  Overlord  
  53  4:37  Roach  
  53  4:38  Roach x2  
  55  4:39  Roach  
  55  4:44  Overlord  
  57  4:47  Spore Crawler  
  57  4:50  Queen  
  58  4:53  Nydus Network  
  58  4:54  Queen  
  58  4:59  Roach  
  61  5:03  Overseer  
  61  5:05  Roach  
  61  5:06  Roach  
  65  5:12  Zergling x2  
  66  5:15  Overlord  
  66  5:29  Overlord  
  66  5:33  Nydus Canal  
  66  5:34  Roach  
  66  5:35  Roach x3  
  74  5:37  Overlord  
  74  5:42  Overlord  
  74  5:46  Queen x2  
  74  5:49  Roach  
  82  5:50  Roach  
  82  5:51  Nydus Canal  
  82  5:54  Overlord  
  82  5:55  Glial Reconstitution  
  82  6:00  Roach x2  
  86  6:07  Roach x3  
  86  6:10  Drone x2  
  94  6:13  Overlord  
  94  6:16  Drone x2  
  97  6:18  Drone  
  97  6:24  Ravager  
  97  6:25  Ravager  
  99  6:30  Overlord  
  99  6:37  Ravager x2  
  100  6:40  Overlord  
  100  6:43  Drone  
  100  6:44  Drone  
  100  6:46  Overlord  
Tags
 
Add a new tag
Caveats
  • Supply blocks, unpowered buildings, or Contaminate may cause inaccurate times.
  • Supply counts are checked every 10 seconds.